 Dungeon Crawl Stone Soup version 0.32-a0-996-gb3226c233f (webtiles) character file.

Game seed: 5237244628119538288

641 Heh the Trooper (level 7, -25/57 HPs)
             Began as a Coglin Brigand on Apr 23, 2024.
             Was a Follower of Beogh.
             Annihilated by a gnoll
             ... wielding a +0 halberd
             ... led by a gnoll bouda
              (32 damage)
             ... on level 5 of the Dungeon.
             The game lasted 00:06:22 (3615 turns).

Heh the Trooper (Coglin Brigand)                    Turns: 3615, Time: 00:06:22

Health: -25/57     AC:  8    Str: 11    XL:     7   Next: 51%
Magic:  7/7        EV:  2    Int: 11    God:    Beogh [*.....]
Gold:   228        SH:  0    Dex: 17    Spells: 6/6 levels left

rFire   . . .        a - +2 dagger {Narong}
rCold   . . .        C - +1 falchion {Septimus}
rNeg    . . .        x - +0 ring mail
rPois   .            (no helmet)
rElec   .            c - +0 cloak
rCorr   .            (no gloves)
SInv    .            i - +1 pair of boots
Will    .....        (amulet unavailable)
Stlth   ++           (ring unavailable)
HPRegen 0.29/turn    (ring unavailable)
MPRegen 0.10/turn    (no gizmo)

%: no passive effects
@: sleeping
A: off-hand wielding, slow wielding, warmup strikes, no jewellery
a: Invent Gizmo, Renounce Religion


You were on level 5 of the Dungeon.
You worshipped Beogh.
Beogh was aware of your devotion.
You visited 1 branch of the dungeon, and saw 5 of its levels.

You collected 228 gold pieces.

Inventory:

Hand Weapons
 a - a +2 dagger (weapon) {Narong}
 f - a +0 dagger {Malki}
 C - a +1 falchion (offhand) {Septimus}
Missiles
 d - 14 poisoned darts (quivered)
 e - 3 curare-tipped darts
Armour
 c - a +0 cloak (worn)
 i - a +1 pair of boots (worn)
 t - a +0 scale mail
 x - a +0 ring mail (worn)
Wands
 u - a wand of flame (37)
 w - a wand of roots (8)
 A - a wand of mindburst (15)
Scrolls
 g - 2 scrolls of immolation {unknown}
 h - 3 scrolls of fog {unknown}
 j - a scroll of brand weapon {unknown}
 l - 2 scrolls of identify
 n - a scroll of poison
 o - 2 scrolls of enchant weapon
 p - 2 scrolls of enchant armour
 q - 2 scrolls of noise {unknown}
 r - 2 scrolls of blinking {unknown}
 v - a scroll of vulnerability {unknown}
 y - a scroll of torment {unknown}
 z - 2 scrolls of teleportation {unknown}
Potions
 k - a potion of lignification {unknown}
 m - a potion of magic {unknown}
 s - 2 potions of might
 B - a potion of invisibility {unknown}
 D - a potion of attraction {unknown}


   Skills:
 + Level 5.9 Fighting
 - Level 1.7(3.6) Short Blades
 + Level 5.4(5.6) Long Blades
 - Level 1.7 Throwing
 - Level 0.8 Dodging
 - Level 3.2 Stealth


You had 6 spell levels left.
You didn't know any spells.
Your spell library contained the following spells:

 Spells                   Type           Power      Damage    Failure   Level
 Kiss of Death            Conj/Necr      0%         2d5       65%         1
 Animate Dead             Necr           0%         N/A       100%        4
 Borgnjor's Vile Clutch   Necr/Erth      0%         N/A       100%        5


Dungeon Overview and Level Annotations

Branches:
Dungeon (5/15)
 Temple: D:4-7

Altars:
Ashenzari


Innate Abilities, Weirdness & Mutations

You can wield a second weapon in your off-hand.
It takes a long time for you to wield or remove held weapons.
Your first few attacks do less damage.
You cannot equip rings or amulets.


Message History

You hit the sleepcap but do no damage. The gnoll hits you with a +0 halberd.
The gnoll completely misses you. The sleepcap releases spores at you.
You are engulfed in a cloud of soporific spores!
You fall asleep.
The gnoll hits you with a +0 halberd!
You wake up.
The gnoll hits you but does no damage.
You are poisoned.
The sleepcap releases spores at you.
You feel sick. The gnoll barely misses you.
The gnoll attacks as it pursues you! The gnoll closely misses you.
You feel sick. The sleepcap attacks as it pursues you!
The sleepcap completely misses you.
You feel sick.
You feel sick.
You feel sick.
You feel sick.
You feel sick.
You are no longer poisoned.
The sleepcap attacks as it pursues you! The sleepcap barely misses you.
As you read the scroll labelled HYTUAC QOUSU, it crumbles to dust.
It is a scroll of identify.
n - a scroll of poison The sleepcap releases spores at you but does no damage.
As you read the scroll labelled OTTEX HOXO, it crumbles to dust.
It is a scroll of enchant armour.
Your +0 pair of boots glows green for a moment.
The gnoll hits you from afar with a +0 halberd.
The sleepcap releases spores at you.
As you read the scroll labelled IJITIPHESO, it crumbles to dust.
It is a scroll of enchant weapon.
Your +0 falchion {Septimus} glows red for a moment.
The gnoll hits you from afar with a +0 halberd!
* * * LOW HITPOINT WARNING * * *
The sleepcap releases spores at you.
* * * LOW HITPOINT WARNING * * *
You are engulfed in a cloud of soporific spores!
You fall asleep.
The gnoll hits you from afar with a +0 halberd!!
Ouch! That really hurt!
You die...

###.#.#.#..##.##.####.#
#.....O#.#...##.##..)....
#.###.#.............###.#
#.#..g...###.#.##≈##.
#.###S#.## ##..##≈##. #.
#O#.# ##..#≈##) #. #g#.#
#.#.≈.#. #.###f#.#
##...~.#. #...@...#
#..#.~.#. .........###
#.######. #.# ##########
#...[.... #.# #.#######
#.# #.# #.# #.# #.# #.#
#.# ##########.####
####[# .........#....#


You could see an ogre, a sleepcap, 2 gnolls and an adder.

Vanquished Creatures
  An ogre (D:4)
  3 scorpions (D:5)
  A bombardier beetle (D:3)
  2 orc priests
  2 jellies
  A gnoll bouda (D:5)
  Jessica (D:3)
  An iguana (D:4)
  An orc wizard (D:5)
  2 adders
  3 gnolls
  5 dart slugs
  A ribbon worm (D:2)
  6 orcs
  8 bats
  11 endoplasms
  2 giant cockroaches
  7 goblins
  6 hobgoblins
  3 jackals (D:4)
  3 quokkas
  7 frilled lizards
  5 kobolds
  9 rats
91 creatures vanquished.

Notes
Turn   | Place    | Note
-------+----------+-------------------------------------------
     0 | D:1      | Heh the Coglin Brigand began the quest for the Orb.
     0 | D:1      | Reached XP level 1. HP: 16/16 MP: 1/1
   106 | D:1      | Reached skill level 1 in Long Blades
   106 | D:1      | Reached XP level 2. HP: 12/23 MP: 2/2
   111 | D:1      | Got the Handbook of the Damned
   380 | D:1      | Reached XP level 3. HP: 28/28 MP: 3/3
   601 | D:1      | Found a faded altar of an unknown god.
   988 | D:2      | Found a broken altar of Ashenzari.
  1179 | D:2      | Reached XP level 4. HP: 35/35 MP: 4/4
  1845 | D:3      | Became a worshipper of Beogh the Shepherd
  1966 | D:3      | Noticed Jessica
  1979 | D:3      | Killed Jessica
  2024 | D:3      | Reached XP level 5. HP: 40/42 MP: 5/5
  2373 | D:4      | Noticed an ogre
  2392 | D:4      | Killed an ogre
  2393 | D:4      | Reached XP level 6. HP: 12/49 MP: 6/6
  2666 | D:4      | Reached * piety under Beogh
  3129 | D:5      | Entered Level 5 of the Dungeon
  3131 | D:5      | Reached skill level 5 in Fighting
  3307 | D:5      | Reached XP level 7. HP: 42/56 MP: 7/7
  3395 | D:5      | Reached skill level 5 in Long Blades
  3615 | D:5      | Annihilated by a gnoll

Illustrated notes

Levels and vault maps discovered:
D:1:      kilobyte_arrival_exit_the_forest, layout_rooms,
          ebering_ecumenical_altar_mist, nrook_mini_backslash,
          serial_bayou_lagoon_b
D:2:      mumra_celtic_spiral_tile, layout_loops_ring, basic_altar
D:3:      layout_rooms, uniq_jessica
D:4:      layout_loops_ring
D:5:      layout_loops_ring, minitemple, serial_rivers,
          chequers_serial_rivers_small_a, chequers_serial_rivers_room_a,
          chequers_serial_rivers_small_3, chequers_serial_rivers_micro_b,
          chequers_serial_rivers_large_a, chequers_serial_rivers_micro_b

Skill      XL: |  1  2  3  4  5  6  7 |
---------------+----------------------+-----
Long Blades    | 1 2 3 4 5 |  5.4
Fighting       | 3 4 5 |  5.9
Short Blades   | |  1.7
Throwing       | |  1.7
Dodging        | |  0.8
Stealth        | |  3.2

Action                     |  1- 3 |  4- 6 |  7- 9 || total
---------------------------+-------+-------+-------++-------
  Melee: Dagger            |   140 |   201 |    22 ||   363
         Falchion          |       |    16 |    24 ||    40
 Invoke: Convert to Beogh  |       |     1 |       ||     1
  Evoke: Wand              |       |     2 |       ||     2
    Use: Potion            |       |     2 |       ||     2
         Scroll            |       |       |     3 ||     3
   Stab: Sleeping          |    10 |     4 |       ||    14
         Distracted        |       |     3 |       ||     3
 Armour: Robe              |    46 |     5 |       ||    51
         Scale mail        |       |    32 |       ||    32
         Ring mail         |       |    33 |    30 ||    63
  Dodge: Dodged            |    30 |    43 |    11 ||    84

Table legend: (Time is in decaauts)
 A = Elapsed time spent in this place.
 B = Non-inter-level travel time spent in this place.
 C = Inter-level travel time spent in this place.
 D = Time resting spent in this place.
 E = Time spent auto-exploring this place.
 F = Levels seen in this place.
 G = Mean time per level.
                   A        B        C        D        E       F      G
               +--------+--------+--------+--------+--------+-----+--------+
         Total |   3637 |   3507 |    130 |    127 |   2733 |   5 |  727.4 |
       Dungeon |   3637 |   3507 |    130 |    127 |   2733 |   5 |  727.4 |
               +--------+--------+--------+--------+--------+-----+--------+

Top non-repeatable levels by time:
     D:2: 1013 daAuts
     D:4: 929 daAuts
     D:1: 847 daAuts
     D:3: 521 daAuts
     D:5: 325 daAuts
